 Dungeon Crawl Stone Soup version 0.29.1-12-g30fa7ad0bf (webtiles) character file.

Game seed: 12300248442554618661

50 workcheese the Chopper (level 3, 0/49 HPs)
             Began as a Minotaur Berserker on Dec 12, 2022.
             Was a Believer of Trog.
             Succumbed to a kobold's poison
             ... on level 2 of the Dungeon.
             The game lasted 00:03:17 (656 turns).

workcheese the Chopper (Minotaur Berserker)          Turns: 656, Time: 00:03:18

Health: 0/49       AC:  6    Str: 23    XL:     3   Next: 55%
Magic:  2/2        EV: 11    Int:  4    God:    Trog [**....]
Gold:   46         SH:  0    Dex:  9    Spells: 2/2 levels left

rFire   . . .      SeeInvis .   a - +0 hand axe
rCold   . . .      Faith    +   (no shield)
rNeg    . . .      Spirit   .   j - +0 ring mail
rPois   .          Reflect  .   (helmet restricted)
rElec   .          Harm     .   i - +0 cloak
rCorr   .          Rampage  .   (no gloves)
Will    .....                   (no boots)
Stlth   ..........              d - amulet of faith
HPRegen 0.16/turn               (no ring)
MPRegen 0.08/turn               (no ring)

@: berserking (expiring), lethally poisoned (0 -> -24), very quick
A: horns 2, retaliatory headbutt
a: Renounce Religion, Berserk, Trog's Hand


You were on level 2 of the Dungeon.
You worshipped Trog.
Trog was pleased with you.
You visited 1 branch of the dungeon, and saw 2 of its levels.

You collected 46 gold pieces.

Inventory:

Hand Weapons
 a - a +0 hand axe (weapon)
Missiles
 h - 4 stones (quivered)
Armour
 b - a +0 animal skin
 i - a +0 cloak (worn)
 j - a +0 ring mail (worn)
Jewellery
 d - an amulet of faith (around neck)
Scrolls
 g - 2 scrolls of identify {unknown}
Potions
 c - a potion of brilliance {unknown}
 e - a potion of heal wounds {unknown}
 f - a potion of might {unknown}


   Skills:
 + Level 4.2 Fighting
 + Level 4.7 Axes
 + Level 2.6 Armour
 + Level 2.4 Dodging
 + Level 0.2 Stealth


You had 2 spell levels left.
You didn't know any spells.
Your spell library was empty.

Dungeon Overview and Level Annotations

Branches:
Dungeon (2/15)

Altars:

Shops:
D:1 *


Innate Abilities, Weirdness & Mutations

You have a pair of horns on your head.
You reflexively headbutt those who attack you in melee.


Message History

The gnoll hits you with a +1 spear of freezing.
The gnoll freezes you. The gnoll hits you with a +0 whip.
You hit the gnoll.
The gnoll is heavily wounded.
You barely miss the gnoll.
The gnoll hits you with a +1 spear of freezing.
The gnoll freezes you.
A red film seems to cover your vision as you go berserk!
You feel yourself moving faster!
You feel mighty! The gnoll misses you. You furiously retaliate!
You headbutt the gnoll!
You kill the gnoll!
Trog accepts your kill. The gnoll hits you with a +0 whip.
The kobold closely misses you.
You feel a strong urge to attack something.
The kobold hits you with a +2 short sword of venom.
You are poisoned.
Things that are here:
a +1 spear of freezing; a gnoll corpse You hit the gnoll.
You headbutt the gnoll.
You kill the gnoll!
Trog accepts your kill.
You closely miss the kobold.
You feel sick.
You barely miss the kobold.
You feel sick.
The kobold hits you with a +2 short sword of venom.
* * * LOW HITPOINT WARNING * * *
You are lethally poisoned!
You barely miss the kobold.
* * * LOW HITPOINT WARNING * * *
You feel very sick.
The kobold hits you with a +2 short sword of venom.
* * * LOW HITPOINT WARNING * * *
You are more poisoned.
You slash the kobold!
You kill the kobold!
Trog accepts your kill.
You can now call upon Trog for regeneration and willpower.
* * * LOW HITPOINT WARNING * * *
You feel very sick.
You are too berserk!
You die...

... #.. ... ##..
... #.. .... #.#
..... ####.####
#...
#..<....##..#
#.......#...#
#......)@g#
#......)#g.....#
#.......#......#
#.......#.......
#.......#.......
#.......#......#
#########......#
#######


You could see 2 gnolls.

Vanquished Creatures
  2 gnolls (D:2)
  A dart slug (D:1)
  2 ball pythons (D:1)
  2 bats (D:1)
  3 endoplasms (D:1)
  2 giant cockroaches (D:1)
  3 goblins (D:1)
  2 hobgoblins (D:1)
  2 quokkas (D:1)
  2 frilled lizards (D:1)
  3 kobolds
  4 rats (D:1)
28 creatures vanquished.

Notes
Turn   | Place    | Note
-------+----------+-------------------------------------------
     0 | D:1      | workcheese the Minotaur Berserker began the quest for the
                  | Orb.
     0 | D:1      | Reached XP level 1. HP: 19/19 MP: 0/0
   108 | D:1      | Reached XP level 2. HP: 23/27 MP: 1/1
   117 | D:1      | Found Liwuniv's Assorted Antiques.
   515 | D:1      | Reached XP level 3. HP: 33/33 MP: 2/2
   655 | D:2      | Reached ** piety under Trog
   656 | D:2      | Succumbed to a kobold's poison

Illustrated notes

Levels and vault maps discovered:
D:1:      mrwooster_arrival_statue_2, layout_rooms, serial_shops, shop,
          grunt_decor_fettered
D:2:      layout_rooms, serial_shops, shop_statue,
          hangedman_abyss_or_decor_stabs, uniq_robin

Skill      XL: |  1  2 |
---------------+-------+-----
Axes           | 4 |  4.7
Fighting       | 4 |  4.2
Armour         | |  2.6
Dodging        | |  2.4
Stealth        | |  0.2

Action                   || total
-------------------------++-------
Melee: Hand axe          ||    54
       Headbutt          ||     4
Invok: Berserk           ||     1
Armor: Animal skin       ||     8
Dodge: Dodged            ||    40
